 Dungeon Crawl Stone Soup version 0.23.0 (webtiles) character file.

Game seed: 7454941038093049725

1668 emiel the Magician (level 8, -3/52 HPs)
             Began as a Mummy Fire Elementalist on Feb 12, 2019.
             Was an Initiate of Gozag.
             Slain by a killer bee (10 damage)
             ... on level 10 of the Dungeon.
             The game lasted 00:07:12 (7623 turns).

emiel the Magician (Mummy Fire Elementalist)        Turns: 7623, Time: 00:07:12

Health: -3/52      AC:  4    Str: 11    XL:     8   Next: 69%
Magic:  17/17      EV: 12    Int: 16    God:    Gozag
Gold:   352        SH:  0    Dex: 17    Spells: 11/19 levels left

rFire    x . .     SeeInvis .   k - +2 war axe (elec)
rCold    + . .     Gourm    .   (no shield)
rNeg     + + +     Faith    .   a - +0 robe
rPois    ∞         Spirit   .   h - +1 helmet
rElec    .         Reflect  .   (no cloak)
rCorr    .         Harm     .   (no gloves)
MR       +....                  (no boots)
Stlth    ++........             o - amulet of regeneration
HPRegen  0.57/turn              f - ring of flight
MPRegen  0.15/turn              p - +4 ring of dexterity

@: gold aura
A: no food or potions, fire vulnerability, cold resistance 1, negative energy
resistance 3, torment resistance, unbreathing
a: Potion Petition, Call Merchant, Bribe Branch, Renounce Religion, Evoke Flight


You were on level 10 of the Dungeon.
You worshipped Gozag.
Gozag was aware of your devotion.
You were not hungry.

You visited 2 branches of the dungeon, and saw 9 of its levels.

You collected 478 gold pieces.
You paid 126 gold pieces to Gozag.

Inventory:

Hand Weapons
 k - a +2 war axe of electrocution (weapon)
Armour
 a - a +0 robe (worn)
 h - a +1 helmet (worn)
Jewellery
 f - a ring of flight (left hand)
 o - an amulet of regeneration (around neck)
 p - a +4 ring of dexterity (right hand)
Wands
 c - a wand of scattershot (3)
Scrolls
 b - 3 scrolls of enchant weapon
 d - 4 scrolls of immolation
 g - 2 scrolls of teleportation
 i - a scroll of remove curse
 j - 3 scrolls of amnesia
 n - a scroll of blinking {unknown}


   Skills:
 - Level 1.5 Dodging
 - Level 1.5 Stealth
 + Level 6.4 Spellcasting
 * Level 5.8 Conjurations
 * Level 6.3 Fire Magic


You had 11 spell levels left.
You knew the following spells:

 Your Spells              Type           Power        Failure   Level  Hunger
a - Flame Tongue          Conj/Fire      ###..        1%          1    N/A
b - Conjure Flame         Conj/Fire      ###.....     3%          3    N/A
c - Sticky Flame          Conj/Fire      ###.....     11%         4    N/A

Your spell library contained the following spells:

 Spells                   Type           Power        Failure   Level  Hunger
 Throw Flame              Conj/Fire      ###...       1%          2    N/A
 Inner Flame              Hex/Fire       ###.....     11%         3    N/A
 Confusing Touch          Hex            #.....       13%         1    N/A
 Fireball                 Conj/Fire      ###.......   30%         5    N/A
 Confuse                  Hex            #.......     36%         3    N/A
 Gell's Gravitas          Tloc           #.........   36%         3    N/A
 Petrify                  Tmut/Erth      #.......     78%         4    N/A
 Metabolic Englaciation   Hex/Ice        #.........   98%         5    N/A
 Yara's Violent Unravell  Hex/Tmut       #.........   98%         5    N/A

Dungeon Overview and Level Annotations

Branches:
Dungeon (7/15)             Temple (1/1) D:6             Orc (0/2) D:10

Altars:
Ashenzari
Cheibriados
Dithmenos
Elyvilon
Fedhas
Gozag
Hepliaklqana
Kikubaaqudgha
Makhleb
Nemelex Xobeh
Okawaru
Qazlal
Trog
Uskayaw
Vehumet
Wu Jian
Xom
Yredelemnul
Zin
The Shining One

Annotations:
D:5 2 transporters


Innate Abilities, Weirdness & Mutations

You do not eat or drink.
Your flesh is vulnerable to fire.
You are immune to poison.
Your flesh is cold resistant. (rC+)
You are immune to negative energy. (rN+++)
You are immune to unholy pain and torment.
You can survive without breathing.


Message History

The killer bee stings you.
* * * LOW HITPOINT WARNING * * *
The killer bee stings you.
* * * LOW HITPOINT WARNING * * *
The killer bee barely misses you.
The orc wails, "Oh dear!
Oh dear!"
The orc wizard gestures wildly while chanting.
The orc wizard blinks!
The killer bee barely misses you. The killer bee closely misses you. x2
You miss the killer bee.
Your attack snaps the killer bee out of its fear.
You hit the gargoyle.
You hit the killer bee but do no damage.
Your attack snaps the killer bee out of its fear.
You hit the killer bee but do no damage.
Lightning courses through the killer bee!!
You kill the killer bee!
You closely miss the killer bee. The killer bee stings you!
You die...
Your body crumbles into a pile of gold.

##...........###
##............# #
##.............###
##.................
##..................
##..........)........
##....................
##...$y9.....§.........
#.....@..h.............
#.....yy................
#......................
#<..............###...
#<..............# ..
#<..............#
#...............
#..............


You could see a black bear (fleeing), a gargoyle and 3 killer bees.

Vanquished Creatures
  Grinder (D:6)
  A hungry ghost (D:7)
  An ice beast (D:6)
  An ogre (D:6)
  A centaur (D:6)
  3 bullfrogs
  2 scorpions (D:5)
  A killer bee (D:10)
  A crimson imp (D:4)
  3 hounds
  An orc priest (D:7)
  A bullfrog skeleton (D:5)
  4 orc wizards
  7 worker ants
  2 howler monkey skeletons
  3 gnolls (D:7)
  3 river rats (D:5)
  9 adders
  A shadow imp (D:6)
  2 oozes (D:2)
  4 worms
  A dart slug (D:3)
  3 leopard geckos
  27 orcs
  7 bats
  6 giant cockroaches
  7 hobgoblins
  3 jackals (D:3)
  4 kobolds
  3 quokkas
  A ball python (D:2)
  8 frilled lizards
  6 goblins
  A jackal skeleton (D:6)
  A leopard gecko skeleton (D:4)
  5 rats
135 creatures vanquished.

Vanquished Creatures (others)
  A wizard (D:4)
1 creature vanquished.

Grand Total: 136 creatures vanquished

Notes
Turn   | Place    | Note
-------+----------+-------------------------------------------
     0 | D:1      | emiel the Mummy Fire Elementalist began the quest for the
                  | Orb.
     0 | D:1      | Reached XP level 1. HP: 13/13 MP: 4/4
   250 | D:1      | Reached skill level 1 in Conjurations
   790 | D:1      | Reached XP level 2. HP: 19/19 MP: 3/5
  1350 | D:2      | Reached XP level 3. HP: 11/24 MP: 1/7
  2248 | D:3      | HP: 1/24 [orc/+2 war axe of electrocution (10)]
  2256 | D:3      | Reached XP level 4. HP: 3/30 MP: 0/9
  3371 | D:4      | Reached XP level 5. HP: 35/35 MP: 6/10
  3553 | D:4      | Learned a level 3 spell: Conjure Flame
  3558 | D:4      | Learned a level 4 spell: Sticky Flame
  3763 | D:4      | Reached XP level 6. HP: 10/41 MP: 2/12
  4157 | D:4      | Found a bloodstained altar of Trog.
  4158 | D:4      | Noticed a wizard
  4163 | D:4      | Killed a wizard
  4194 | D:5      | Entered Level 5 of the Dungeon
  4210 | D:5      | Found a transporter.
  4404 | D:5      | Found a transporter.
  4766 | D:5      | Reached XP level 7. HP: 27/46 MP: 0/14
  5181 | D:5      | Reached skill level 5 in Spellcasting
  5927 | D:6      | Reached skill level 5 in Fire Magic
  6190 | D:6      | Noticed Grinder
  6221 | D:6      | Paralysed by Grinder for 3 turns
  6226 | D:6      | Killed Grinder
  6226 | D:6      | Reached XP level 8. HP: 24/52 MP: 3/16
  6366 | D:6      | Reached skill level 5 in Conjurations
  6373 | D:6      | Found a staircase to the Ecumenical Temple.
  6385 | Temple   | Entered the Ecumenical Temple
  6526 | Temple   | Became a worshipper of Gozag Ym Sagoz the Greedy
  7591 | D:7      | You fall through a shaft for 3 floors!
  7591 | D:10     | Entered Level 10 of the Dungeon
  7595 | D:10     | Noticed a gargoyle
  7602 | D:10     | Found a staircase to the Orcish Mines.
  7602 | D:10     | Noticed a two-headed ogre
  7623 | D:10     | Slain by a killer bee

Skill      XL: |  1  2  3  4  5  6  7  8 |
---------------+-------------------------+-----
Conjurations   | 1 2 3 4 5 |  5.8
Spellcasting   | 3 4 5 6 |  6.4
Fire Magic     | 3 4 5 6 |  6.3
Dodging        | |  1.5
Stealth        | |  1.5

Action                   |  1- 3 |  4- 6 |  7- 9 || total
-------------------------+-------+-------+-------++-------
Melee: Unarmed           |     6 |       |       ||     6
       War axe           |       |    32 |    54 ||    86
 Cast: Flame Tongue      |    65 |   133 |   101 ||   299
       Sticky Flame      |       |       |     5 ||     5
  Use: Scroll            |       |       |    10 ||    10
 Stab: Sleeping          |       |       |     1 ||     1
Armor: Robe              |     7 |     9 |    13 ||    29
Dodge: Dodged            |    27 |    85 |   110 ||   222
